 Dungeon Crawl Stone Soup version 0.30-a0-702-gdf48620a09 (console) character file.

Game seed: 15063256967994905870

10 utis the Twirler (level 2, -4/17 HPs)
             Began as a Tengu Wanderer on Jan 21, 2023.
             Slain by a gnoll
             ... wielding a +0 flail
              (10 damage)
             ... on level 1 of the Dungeon.
             The game lasted 00:02:35 (396 turns).

utis the Twirler (Tengu Wanderer)                    Turns: 396, Time: 00:02:36

Health: -4/17      AC:  5    Str: 10    XL:     2   Next: 20%
Magic:  1/4        EV: 10    Int: 13    God:
Gold:   34         SH:  0    Dex: 14    Spells: 0/3 levels left

rFire   . . .      SeeInvis .    a - +2 quarterstaff
rCold   . . .      Faith    .    (shield currently unavailable)
rNeg    . . .      Spirit   .    b - +0 ring mail
rPois   .          Reflect  .    (helmet restricted)
rElec   .          Harm     .    (no cloak)
rCorr   .          Rampage  .    (no gloves)
Will    .....                    (boots unavailable)
Stlth   +                        (no amulet)
HPRegen 0.22/turn                (no ring)
MPRegen 0.09/turn                (no ring)

@: no status effects
A: beak, talons 3
a: no special abilities


You were on level 1 of the Dungeon.
You visited 1 branch of the dungeon, and saw 1 of its levels.

You collected 34 gold pieces.

Inventory:

Hand Weapons
 a - a +2 quarterstaff (weapon)
Armour
 b - a +0 ring mail (worn)
Potions
 c - a potion of attraction


   Skills:
 - Level 2.0 Fighting
 - Level 3.5 Staves
 - Level 1.1 Armour
 * Level 1.9 Dodging
 - Level 1.0 Spellcasting
 + Level 0.3 Air Magic
 - Level 1.3 Earth Magic
 + Level 0.1 Poison Magic


You couldn't memorise any spells.
You knew the following spells:

 Your Spells              Type           Power      Damage    Failure   Level
z - Sandblast             Erth           8%         2d5       38%         1
Y - Poisonous Vapours     Pois/Air       2%         N/A       69%         2

Your spell library contained the following spells:

 Spells                   Type           Power      Damage    Failure   Level
 Cigotuvi's Dreadful Rot  Necr/Pois/Air  2%         N/A       71%         2
 Stone Arrow              Conj/Erth      4%         3d7       85%         3
 Mephitic Cloud           Conj/Pois/Air  1%         N/A       90%         3


Dungeon Overview and Level Annotations

Branches:
Dungeon (1/15)

Altars:


Innate Abilities, Weirdness & Mutations

You have a beak for a mouth.
You have claws for feet.


Message History

No target in view!
You see here a hobgoblin corpse.
Found a stone staircase leading down.
A gnoll comes into view. It is wielding a +0 flail.
Press: ? - help, v - describe, . - travel
Here: a gnoll, wielding a +0 flail The floor.
Cast which spell? (? or * to list)
The spell is astonishingly dangerous to miscast (69% risk of failure)!
Continue anyway?
Uppercase [Y]es or [N]o only, please.
The spell is astonishingly dangerous to miscast (69% risk of failure)!
Continue anyway?
Aiming: Poisonous Vapours (astonishingly dangerous; 69% risk of failure)
Press: ? - help, Dir - move target, f - gnoll
Aim: a gnoll, wielding a +0 flail You miscast Poisonous Vapours.
You are very lightly contaminated with residual magic.
Nothing appears to happen.
You see here a hobgoblin corpse.
Your magical contamination has completely faded away.
Casting: Poisonous Vapours (astonishingly dangerous; 69% risk of failure)
Confirm with . or Enter, or press ? or * to list all spells.
The spell is astonishingly dangerous to miscast (69% risk of failure)!
Continue anyway?
Uppercase [Y]es or [N]o only, please.
The spell is astonishingly dangerous to miscast (69% risk of failure)!
Continue anyway?
Aiming: Poisonous Vapours (astonishingly dangerous; 69% risk of failure)
Press: ? - help, Dir - move target, f/p - gnoll
Aim: a gnoll, wielding a +0 flail Poisonous vapours surround the gnoll!
The gnoll is poisoned.
* * * LOW MAGIC WARNING * * *
The gnoll looks more healthy.
You completely miss the gnoll. You peck the gnoll, but do no damage.
The gnoll is lightly wounded.
The gnoll hits you with a +0 flail!
Ouch! That really hurt!
* * * LOW HITPOINT WARNING * * *
You hit the gnoll. Your peck misses the gnoll.
The gnoll is lightly wounded.
The gnoll hits you with a +0 flail!
Ouch! That really hurt!
You die...

░░░░░░░░░ ░..░░.░░..░..░░░░░░.░
░.......░ ░............░ ░.░
░.░░░░░.░ ░...░.░░.░░..░ ░.░ ░.░
░.░ ░░....░░.░░..░ ░.. ░.░
░.░░░░.......░░..░ ░░. ░.░
░.░░.....░...░░..░ ░. ░.░
░.░░.░░.░.░░░░░..░ ░† ░.░
░.░..........÷...░ ░. ░.░
░.░..░░)░░░░.░░.░░ ░. ░.░
░.░..░░...░░.░░.░ ░.
░░░░░░░.░..░..Q...░░░░░░░░░░░░.
░░...░'..░..░..g..'░...░░.......
░➘....░..░..░.....░.....░░.░░.░.
░.....░░.░..⌠.....░.➘...░░.░░.░.
░.....░.....░.....░.....░░.░░.░†
░░...░'.░░+░░░'...'░...░░░.░░.░.
░░░░░░░░░░...░░...░░░░░ ░.░░...
░....)░.░░░ ░.░░░░░ ░..<..░.░
░.░ ░.....░†░░░░░░░░░.░
░░...░░...........░


You could see a gnoll.

Vanquished Creatures
  A goblin (D:1)
  3 hobgoblins (D:1)
  3 ball pythons (D:1)
  A bat (D:1)
  A frilled lizard (D:1)
  A rat (D:1)
10 creatures vanquished.

Notes
Turn   | Place    | Note
-------+----------+-------------------------------------------
     0 | D:1      | utis the Tengu Wanderer began the quest for the Orb.
     0 | D:1      | utis set off with the following items: a +2 quarterstaff, a
                  | +0 ring mail, a potion of attraction; and the following
                  | spell memorised: Sandblast; and the following spells
                  | available to memorise: Stone Arrow.
     0 | D:1      | Reached XP level 1. HP: 12/12 MP: 3/3
   204 | D:1      | Reached XP level 2. HP: 17/17 MP: 4/4
   207 | D:1      | Learned a level 2 spell: Poisonous Vapours
   396 | D:1      | Slain by a gnoll

Illustrated notes

Levels and vault maps discovered:
D:1:      noname_arrival_rooms_in_the_neighbourhood, layout_loops_ring

Action                   || total
-------------------------++-------
Melee: Quarterstaff      ||    16
       Peck              ||     2
       Kick              ||     1
 Cast: Poisonous Vapours ||     1
Armor: Ring mail         ||     1
Dodge: Dodged            ||     5

Table legend: (Time is in decaauts)
 A = Elapsed time spent in this place.
 B = Non-inter-level travel time spent in this place.
 C = Inter-level travel time spent in this place.
 D = Time resting spent in this place.
 E = Time spent auto-exploring this place.
 F = Levels seen in this place.
 G = Mean time per level.
                   A        B        C        D        E       F      G
               +--------+--------+--------+--------+--------+-----+--------+
         Total |    397 |    397 |      0 |     17 |    238 |   1 |  397.0 |
       Dungeon |    397 |    397 |      0 |     17 |    238 |   1 |  397.0 |
               +--------+--------+--------+--------+--------+-----+--------+

Top non-repeatable levels by time:
     D:1: 397 daAuts
